General information
- name: BNet
- type: Ladder 1vs1/FFA
- host: Battle.net
- saver: BEAR_AND
map: GnollWood
- players: 2
- length: 179:14
- speed: Fast
- version: 1.24 W3XP
- replay type:

» download(430 KB)
Players
team 1 (loser)
onlyonegod (
yellow | 17 APM | 3046 actions | 179:12)
5 Priestess of the Moon
3 Trueshot Aura
2 Searing Arrows
4 Keeper of the Grove
2 Thorns Aura
2 Entangling Roots
1 Demon Hunter
1 Immolation
» actions
| Assign group hotkey | 37 | |
| Basic commands | 1 | |
| Build / train | 311 | |
| ESC pressed | 1 | |
| Enter build submenu | 59 | |
| Enter hero's abilities submenu | 10 | |
| Remove unit from queue | 19 | |
| Right click | 950 | |
| Select / deselect | 1039 | |
| Select group hotkey | 501 | |
| Use ability | 118 | |
3046 total
» units
| Wisp | 45 | |
| Archer | 39 | |
| Glaive Thrower | 110 | |
| Druid of the Claw | 3 | |
| Dryad | 12 | |
| Hippogryph | 3 | |
| Druid of the Talon | 5 | |
| Faerie Dragon | 3 | |
| Huntress | 11 | |
| Chimaera | 7 | |
| Mountain Giant | 4 | |
| Mud Golem | 2 | |
| Forest Troll Shadow Priest | 1 | |
| Forest Troll Berserker | 1 | |
246 total
» upgrades
| Strength of the Moon | 3 | |
| Marksmanship | 1 | |
| Well Spring | 1 | |
| Vorpal Blades | 1 | |
| Improved Bows | 1 | |
| Moon Armor | 3 | |
| Strength of the Wild | 3 | |
| Hippogryph Taming | 1 | |
| Nature's Blessing | 1 | |
| Reinforced Hides | 3 | |
| Upgrade Moon Glaive | 1 | |
| Druid of the Talon Training | 2 | |
| Backpack | 1 | |
| Ultravision | 1 | |
| Mark of the Talon | 1 | |
| Corrosive Breath | 1 | |
| Sentinel | 1 | |
| Abolish Magic | 1 | |
| Hardened Skin | 1 | |
| Resistant Skin | 1 | |
| Druid of the Claw Training | 1 | |
| Mark of the Claw | 1 | |
31 total
» buildings
| Moon Well | 15 | |
| Altar of Elders | 1 | |
| Ancient of War | 5 | |
| Hunter's Hall | 1 | |
| Tree of Ages | 1 | |
| Tree of Eternity | 1 | |
| Ancient of Lore | 2 | |
| Tree of Life | 9 | |
| Ancient Protector | 9 | |
| Ancient of Wind | 1 | |
| Ancient of Wonders | 1 | |
| Chimaera Roost | 5 | |
51 total
» build order
00:12 Moon Well
00:29 Altar of Elders
01:15 Ancient of War
01:42 Moon Well
02:47 Hunter's Hall
03:36 Tree of Ages
04:17 Moon Well
05:52 Moon Well
06:09 Tree of Eternity
07:23 Ancient of Lore
08:42 Tree of Life
10:41 Tree of Life
12:04 Moon Well
16:06 Moon Well
17:48 Moon Well
18:49 Moon Well
21:42 Moon Well
21:59 Ancient Protector
22:15 Ancient Protector
23:34 Moon Well
24:33 Ancient of Wind
25:50 Tree of Life
26:04 Ancient Protector
26:09 Ancient Protector
26:16 Ancient Protector
26:23 Ancient Protector
31:56 Tree of Life
41:59 Ancient Protector
43:18 Ancient Protector
50:09 Ancient of Wonders
57:52 Ancient Protector
66:00 Tree of Life
71:36 Tree of Life
72:13 Tree of Life
74:05 Chimaera Roost
75:59 Ancient of War
76:06 Chimaera Roost
77:28 Chimaera Roost
82:06 Chimaera Roost
82:53 Moon Well
84:52 Chimaera Roost
87:01 Moon Well
88:09 Ancient of War
122:54 Tree of Life
136:08 Tree of Life
150:19 Ancient of Lore
168:10 Ancient of War
168:29 Moon Well
172:36 Moon Well
172:46 Moon Well
178:39 Ancient of War
team 2 (winner)
BEAR_AND (
purple | 66 APM | 11838 actions | 179:14)
9 Blademaster
3 Wind Walk
3 Critical Strike
1 Bladestorm
2 Mirror Image
7 Tauren Chieftain
3 Shockwave
3 Endurance Aura
1 Reincarnation
7 Pandaren Brewmaster
3 Breath of Fire
3 Drunken Haze
1 Storm Earth and Fire
» actions
| Assign group hotkey | 17 | |
| Basic commands | 542 | |
| Build / train | 153 | |
| Enter build submenu | 82 | |
| Enter hero's abilities submenu | 26 | |
| Give item / drop item | 44 | |
| Remove unit from queue | 5 | |
| Right click | 7681 | |
| Select / deselect | 1881 | |
| Select group hotkey | 711 | |
| Use ability | 681 | |
11838 total
» units
| Peon | 26 | |
| Wind Rider | 7 | |
| Troll Witch Doctor | 1 | |
| Shaman | 2 | |
| Troll Batrider | 13 | |
49 total
» upgrades
| Witch Doctor Training | 2 | |
| Reinforced Defenses | 1 | |
| Envenomed Spears | 1 | |
| Liquid Fire | 1 | |
| Ranged Weapons | 3 | |
| Armor | 3 | |
| Shaman Training | 2 | |
| Spiked Barricades | 3 | |
| Melee Weapons | 3 | |
| Backpack | 1 | |
20 total
» buildings
| Altar of Storms | 2 | |
| Orc Burrow | 4 | |
| Voodoo Lounge | 3 | |
| War Mill | 4 | |
| Watch Tower | 153 | |
| Stronghold | 1 | |
| Beastiary | 5 | |
| Spirit Lodge | 1 | |
| Fortress | 3 | |
| Great Hall | 3 | |
179 total
» build order
00:12 Altar of Storms
00:23 Orc Burrow
00:56 Voodoo Lounge
01:39 War Mill
01:42 War Mill
03:04 Watch Tower
03:06 Watch Tower
03:26 Stronghold
04:12 Watch Tower
04:26 Watch Tower
04:57 Orc Burrow
04:59 Orc Burrow
05:22 Watch Tower
05:26 Watch Tower
05:56 Beastiary
06:03 Spirit Lodge
06:52 Watch Tower
06:54 Watch Tower
07:22 Orc Burrow
08:01 Watch Tower
08:11 Fortress
08:11 Fortress
09:06 Watch Tower
12:59 Watch Tower
13:00 Watch Tower
13:01 Watch Tower
13:01 Watch Tower
13:02 Watch Tower
13:03 Watch Tower
13:26 Great Hall
13:38 Watch Tower
13:39 Watch Tower
14:11 Watch Tower
14:12 Watch Tower
14:42 Voodoo Lounge
14:46 Watch Tower
15:22 Watch Tower
15:23 Watch Tower
20:32 Voodoo Lounge
20:35 Watch Tower
20:36 Watch Tower
20:36 Watch Tower
20:38 Watch Tower
20:39 Watch Tower
20:40 Watch Tower
23:02 Great Hall
24:21 Watch Tower
24:22 Watch Tower
24:22 Watch Tower
25:07 Watch Tower
25:09 Watch Tower
25:11 Watch Tower
25:11 Watch Tower
25:13 Watch Tower
25:14 Watch Tower
25:28 Watch Tower
25:35 War Mill
25:39 War Mill
27:53 Watch Tower
27:55 Watch Tower
27:57 Watch Tower
27:58 Watch Tower
27:59 Watch Tower
28:01 Watch Tower
28:02 Watch Tower
31:18 Watch Tower
31:20 Watch Tower
31:21 Watch Tower
31:22 Watch Tower
31:24 Watch Tower
31:25 Watch Tower
31:26 Watch Tower
31:27 Watch Tower
31:28 Watch Tower
31:29 Watch Tower
31:30 Watch Tower
31:32 Watch Tower
31:38 Watch Tower
31:39 Watch Tower
31:40 Watch Tower
31:42 Watch Tower
31:44 Watch Tower
31:44 Watch Tower
31:45 Watch Tower
33:45 Great Hall
33:51 Watch Tower
33:52 Watch Tower
33:53 Watch Tower
33:54 Watch Tower
33:55 Watch Tower
33:56 Watch Tower
33:58 Watch Tower
33:59 Watch Tower
34:00 Watch Tower
34:01 Watch Tower
34:02 Watch Tower
34:03 Watch Tower
34:17 Watch Tower
34:45 Beastiary
34:46 Beastiary
34:47 Beastiary
34:49 Beastiary
35:37 Watch Tower
35:39 Watch Tower
35:40 Watch Tower
35:41 Watch Tower
35:41 Watch Tower
35:42 Watch Tower
35:43 Watch Tower
38:37 Watch Tower
38:40 Watch Tower
38:42 Watch Tower
38:43 Watch Tower
38:44 Watch Tower
38:45 Watch Tower
57:50 Watch Tower
57:51 Watch Tower
57:52 Watch Tower
57:53 Watch Tower
57:59 Watch Tower
58:02 Watch Tower
58:06 Watch Tower
58:07 Watch Tower
62:58 Watch Tower
62:59 Watch Tower
63:00 Watch Tower
66:43 Watch Tower
66:48 Watch Tower
87:36 Watch Tower
87:38 Watch Tower
87:39 Watch Tower
87:41 Watch Tower
87:42 Watch Tower
120:29 Watch Tower
120:30 Watch Tower
120:31 Watch Tower
120:32 Watch Tower
120:34 Watch Tower
120:34 Watch Tower
123:37 Watch Tower
123:41 Watch Tower
123:48 Watch Tower
123:50 Watch Tower
123:52 Watch Tower
123:55 Watch Tower
126:13 Watch Tower
126:15 Watch Tower
126:16 Watch Tower
126:18 Watch Tower
126:19 Watch Tower
126:21 Watch Tower
126:22 Watch Tower
126:24 Watch Tower
126:25 Watch Tower
126:28 Watch Tower
126:29 Watch Tower
126:30 Watch Tower
135:12 Watch Tower
150:31 Watch Tower
150:32 Watch Tower
172:01 Watch Tower
172:02 Watch Tower
172:03 Watch Tower
172:07 Altar of Storms
172:11 Watch Tower
172:12 Watch Tower
172:12 Watch Tower
172:14 Watch Tower
172:15 Watch Tower
172:16 Watch Tower
172:17 Watch Tower
172:18 Watch Tower
172:19 Watch Tower
172:19 Watch Tower
172:20 Watch Tower
172:22 Watch Tower
172:28 Watch Tower
176:29 Watch Tower
» items
| Healing Salve | 2 | |
| Lesser Clarity Potion | 16 | |
| Boots of Speed | 2 | |
| Orb of Lightning | 3 | |
| Circlet of Nobility | 1 | |
| Potion of Invisibility | 17 | |
41 total
Chat log
(01:17 / All) BEAR_AND: hi
(01:24 / All) onlyonegod: hello
(01:52 / All) BEAR_AND: what are your thoughts on god
(02:06 / All) onlyonegod: this is my friends
(02:20 / All) BEAR_AND: he lets you play on it?
(03:00 / All) BEAR_AND: how very trusting of him
(03:54 / All) BEAR_AND: or, of course, he doesn't care about his record
(04:44 / All) BEAR_AND: i love this map
(08:26 / All) BEAR_AND: do you like this game
(20:14 / All) BEAR_AND: wow
(20:15 / All) BEAR_AND: thanks
(29:25 / All) BEAR_AND: i am going to make 1000 towers
(34:26 / All) BEAR_AND: hey
(34:28 / All) BEAR_AND: english?
(35:25 / All) BEAR_AND: not really sure what happened there
(35:32 / All) BEAR_AND: z key broken maybe?
(37:08 / All) BEAR_AND: careful : - )
(38:29 / All) BEAR_AND: hey
(38:33 / All) BEAR_AND: careful those towers kill armies
(40:11 / All) BEAR_AND: man
(40:13 / All) BEAR_AND: your siege melted
(40:15 / All) BEAR_AND: yuck
(41:14 / All) BEAR_AND: hey your siege
(41:18 / All) BEAR_AND: all over the place
(41:20 / All) BEAR_AND: clean it up
(45:11 / All) BEAR_AND: i hate siege
(45:19 / All) BEAR_AND: killing siege is my only pleasure
(47:47 / All) BEAR_AND: am i playing against a computer
(47:49 / All) BEAR_AND: is it possible
(48:01 / All) BEAR_AND: say something
(48:26 / All) onlyonegod: bink bink bonk
(48:32 / All) BEAR_AND: whew
(50:51 / All) BEAR_AND: my one true enemy
(50:54 / All) BEAR_AND: glaive
(58:17 / All) BEAR_AND: more glaive dead
(58:20 / All) BEAR_AND: a successful battle
(60:46 / All) BEAR_AND: dead siege
(60:48 / All) BEAR_AND: this is good
(60:53 / All) BEAR_AND: be wary of towers
(60:57 / All) BEAR_AND: they kill all units
(61:31 / All) BEAR_AND: meanwhile...
(62:09 / All) BEAR_AND: the siege evaporates....at what cost....
(62:28 / All) onlyonegod: dud your a tool
(62:36 / All) BEAR_AND: be careful
(62:38 / All) BEAR_AND: the towers.,..
(66:06 / All) BEAR_AND: hey
(66:11 / All) BEAR_AND: let's not talk game for a couple minutes
(66:13 / All) BEAR_AND: where you from?
(66:29 / All) onlyonegod: alfred
(66:35 / All) BEAR_AND: is that a place
(66:47 / All) onlyonegod: al ripkin
(66:56 / All) BEAR_AND: cal ripken?
(66:56 / All) onlyonegod: fred minks
(67:15 / All) BEAR_AND: i have to say
(67:22 / All) BEAR_AND: i'm curious about the faerie dragons
(67:41 / All) onlyonegod: for you
(71:17 / All) BEAR_AND: archers will not stop towers
(71:21 / All) BEAR_AND: towers kill all....
(71:30 / All) BEAR_AND: except glaives...
(74:38 / All) BEAR_AND: what is this nonsense
(75:06 / All) BEAR_AND: cease construction
(75:08 / All) BEAR_AND: construction cease
(76:57 / All) BEAR_AND: CEASE CONSTRUCTION
(77:00 / All) BEAR_AND: CONSTRUCTION CEASE
(77:32 / All) BEAR_AND: CEASE
(77:34 / All) BEAR_AND: CONSTRUCTION
(77:36 / All) BEAR_AND: CONSTRUCTION
(77:37 / All) BEAR_AND: CEASE
(79:17 / All) BEAR_AND: towers
(79:18 / All) BEAR_AND: kill
(79:19 / All) BEAR_AND: all
(79:54 / All) BEAR_AND: even huntress
(79:56 / All) BEAR_AND: even archer
(80:03 / All) BEAR_AND: but not glaive...
(80:12 / All) BEAR_AND: but especially huntress
(80:27 / All) onlyonegod: you sunumaabeech
(80:42 / All) BEAR_AND: your friend
(80:45 / All) BEAR_AND: does he like towers
(80:47 / All) BEAR_AND: ?
(81:09 / All) onlyonegod: i do love celebrities
(81:20 / All) onlyonegod: eat em
(81:24 / All) BEAR_AND: i'm a tower celebrity
(81:40 / All) onlyonegod: wtf u think i saydddd!!!
(83:20 / All) BEAR_AND: what you gonna spend all that cash on?
(83:26 / All) BEAR_AND: more archers?
(83:29 / All) BEAR_AND: more glaives?
(83:39 / All) BEAR_AND: spring for some items for your fave keeper?
(89:17 / All) BEAR_AND: i'm looking out my window at downtown toronto
(89:24 / All) BEAR_AND: the sky is a french grey
(90:31 / All) BEAR_AND: chimaera
(90:34 / All) BEAR_AND: unholy beasts
(94:10 / All) BEAR_AND: unholy
(95:36 / All) onlyonegod: ok so whats your deal??
(95:50 / All) BEAR_AND: LOADED QUESTION
(96:54 / All) BEAR_AND: please direct your attention to this sick shockwave
(97:31 / All) BEAR_AND: towers kill all
(97:34 / All) BEAR_AND: even archers
(98:05 / All) BEAR_AND: elune cries
(98:12 / All) BEAR_AND: archer dies
(98:20 / All) onlyonegod: you like being a jerk huh??
(98:28 / All) BEAR_AND: don't oversimplify
(100:10 / All) BEAR_AND: helping you out of upkeep
(100:12 / All) BEAR_AND: that's all
(100:29 / All) onlyonegod: whats that mean?
(100:36 / All) BEAR_AND: look at your monitor
(100:43 / All) BEAR_AND: move your eyes slowly up....and right
(100:46 / All) BEAR_AND: to the very top right
(100:53 / All) BEAR_AND: put your mouse there
(103:27 / All) BEAR_AND: the day breaks
(103:29 / All) BEAR_AND: your mind aches
(103:57 / All) BEAR_AND: as you prepare for your final assault
(104:01 / All) BEAR_AND: +
(104:20 / All) BEAR_AND: think on the times you tried before
(104:26 / All) BEAR_AND: how far did you go before reaching the front lines
(104:30 / All) BEAR_AND: did you even arrive...
(104:49 / All) onlyonegod: i ate tits
(105:29 / All) BEAR_AND: how much is enough?
(105:33 / All) BEAR_AND: will you ever have enough?
(105:39 / All) BEAR_AND: will i ever have enough? towers that is
(106:50 / All) BEAR_AND: poetic
(106:55 / All) BEAR_AND: unholy beast killing glaive
(107:19 / All) BEAR_AND: who killed more glaives, our hero or the chimaera
(108:16 / All) BEAR_AND: beware
(108:18 / All) BEAR_AND: towers kill all
(108:35 / All) BEAR_AND: especially huntress
(110:09 / All) BEAR_AND: how much more damage would glaive have done
(110:16 / All) BEAR_AND: if not for blademaestro
(110:27 / All) onlyonegod: hahah
(110:33 / All) BEAR_AND: unthinkable
(112:03 / All) BEAR_AND: 350 seconds and your mine is empty
(112:14 / All) BEAR_AND: will you claim the last
(112:16 / All) BEAR_AND: i would . . .
(114:13 / All) BEAR_AND: we never finished
(114:16 / All) BEAR_AND: where are you from?
(115:05 / All) onlyonegod: shong yee
(115:16 / All) onlyonegod: ape side
(116:24 / All) BEAR_AND: towers kill all
(116:28 / All) BEAR_AND: even chimaera
(119:15 / All) BEAR_AND: even heroes
(119:59 / All) BEAR_AND: TOWERS
(120:00 / All) BEAR_AND: KILL
(120:02 / All) BEAR_AND: ALL
(120:13 / All) BEAR_AND: BE CAREFUL
(120:20 / All) BEAR_AND: WATCH
(120:45 / All) onlyonegod: jizz
(120:53 / All) onlyonegod: on your hands
(123:00 / All) BEAR_AND: CEASE
(123:02 / All) BEAR_AND: CONSTRUCTION
(123:17 / All) BEAR_AND: you have one.
(123:19 / All) BEAR_AND: use it.
(124:21 / All) BEAR_AND: you may take it now
(124:38 / All) BEAR_AND: careful huntress
(127:28 / All) BEAR_AND: i can't imagine
(127:30 / All) BEAR_AND: how you must feel
(127:56 / All) BEAR_AND: you take the mine
(128:00 / All) BEAR_AND: i take the huntress
(128:32 / All) onlyonegod: your like 400 lbs huh??
(128:39 / All) BEAR_AND: 175
(129:13 / All) BEAR_AND: if you were one of the main characters of pete & pete
(129:16 / All) BEAR_AND: who would you be
(129:36 / All) BEAR_AND: for sake of argument arnie is a main character
(129:40 / All) onlyonegod: guy with the glasses
(130:00 / All) onlyonegod: yeah that guy
(131:46 / All) BEAR_AND: towers kill all
(131:47 / All) BEAR_AND: even trees
(132:40 / All) BEAR_AND: yes
(133:51 / All) BEAR_AND: especially huntress
(133:57 / All) BEAR_AND: you know this now
(134:48 / All) BEAR_AND: that goldmine is the key
(134:55 / All) BEAR_AND: put it in the lock
(135:12 / All) onlyonegod: your insane
(135:33 / All) BEAR_AND: stop generalizing
(135:51 / All) onlyonegod: stop spazzing
(136:15 / All) BEAR_AND: i suppose you could liken my micromanagement to spasms
(137:06 / All) BEAR_AND: archers are never the answer
(137:16 / All) BEAR_AND: unless the question is "Gargoyles?"
(143:26 / All) BEAR_AND: like a brief tornado
(144:18 / All) BEAR_AND: glaives
(144:20 / All) BEAR_AND: will
(144:21 / All) BEAR_AND: be
(144:23 / All) BEAR_AND: destroyed
(144:43 / All) onlyonegod: your a vagina
(144:58 / All) BEAR_AND: expound
(146:00 / All) onlyonegod: 13123123123
(147:17 / All) BEAR_AND: careful
(147:22 / All) BEAR_AND: towers kill anything
(151:09 / All) BEAR_AND: the answer
(151:11 / All) BEAR_AND: is bears
(151:13 / All) BEAR_AND: and dryads
(151:17 / All) BEAR_AND: ...................................................
(151:34 / All) BEAR_AND: i believe your hypothesis will never find a matching proof
(152:37 / All) BEAR_AND: glaives
(152:39 / All) BEAR_AND: must
(152:39 / All) BEAR_AND: be
(152:41 / All) BEAR_AND: destroyed
(153:00 / All) BEAR_AND: mountain giants
(153:04 / All) BEAR_AND: feasible
(153:58 / All) BEAR_AND: please note that you own two lores now
(156:50 / All) BEAR_AND: bears
(156:52 / All) BEAR_AND: will not help
(157:38 / All) BEAR_AND: giants
(157:39 / All) BEAR_AND: may
(158:26 / All) BEAR_AND: he's a fast machine
(158:51 / All) BEAR_AND: keep in mind that towers kill giants slowly
(158:55 / All) BEAR_AND: but they still kill them...
(160:38 / All) BEAR_AND: i believe in delas moonfang
(160:48 / All) BEAR_AND: don't be ridiculous
(172:48 / All) BEAR_AND: excuse me
(173:09 / All) BEAR_AND: please direct your attention to this wicked shockwave
(175:02 / All) BEAR_AND: beware
(175:04 / All) BEAR_AND: towers kill all
(176:01 / All) BEAR_AND: your punishment
(176:50 / All) BEAR_AND: towers
(176:51 / All) BEAR_AND: kill
(176:51 / All) BEAR_AND: all
(178:49 / All) BEAR_AND: i disavow
(178:52 / All) BEAR_AND: and disallow
(179:00 / All) BEAR_AND: construction cancelled
(179:06 / All) onlyonegod: your a boner